NCAA
MICHIGAN STATE SPARTANS @ BOSTON COLLEGE EAGLES
04/22/2028
 
TOP OF THE 1ST
Michigan State Spartans batting - Pitching for Boston College Eagles : RHP Hoyt Baldwin
Pitching: RHP Hoyt Baldwin
Batting: SHB Joe Emery 0-0: Called Strike
0-1: Swinging Strike
0-2: Ball
1-2: Strikes out swinging
Batting: LHB Norberto Garza 0-0: Ball
1-0: Ball
2-0: Foul Ball, location: 2F
2-1: Called Strike
2-2: Strikes out swinging
Batting: LHB Cliff Mills 0-0: Called Strike
0-1: Foul Ball, location: 2F
0-2: Ball
1-2: Foul Ball, location: 2F
1-2: Strikes out swinging
Top of the 1st over - 0 run(s), 0 hit(s), 0 error(s), 0 left on base; Michigan State 0 - Boston College 0
BOTTOM OF THE 1ST
Boston College Eagles batting - Pitching for Michigan State Spartans : RHP Eric Wallace
Pitching: RHP Eric Wallace
Batting: SHB Ralph Alfonzo 0-0: Ball
1-0: Called Strike
1-1: Fly out, F9 (Flyball, 9LS)
Batting: RHB Stanley Wallace 0-0: Swinging Strike
0-1: DOUBLE (Line Drive, 7LD)
Batting: LHB Rafael Yan 0-0: SINGLE (Groundball, 4D)
Stanley Wallace to third
Batting: SHB Marvin MacGeoch 0-0: Ball
1-0: Foul Ball, location: 2F
1-1: Ball
2-1: Foul Ball, location: 2F
2-2: Ball
3-2: Foul Ball, location: 2F
3-2: Strikes out swinging
Batting: RHB Ed Gómez 0-0: Swinging Strike
0-1: Foul Ball, location: 2F
0-2: Ball
1-2: Foul Ball, location: 2F
1-2: Strikes out swinging
Bottom of the 1st over - 0 run(s), 2 hit(s), 0 error(s), 2 left on base; Michigan State 0 - Boston College 0
TOP OF THE 2ND
Michigan State Spartans batting - Pitching for Boston College Eagles : RHP Hoyt Baldwin
Batting: LHB Aaron Aguirre 0-0: Foul Ball, location: 2F
0-1: Ball
1-1: Fly out, F5 (Popup, 56)
Batting: LHB Gabriel Estrada 0-0: Fly out, F9 (Line Drive, 9)
Batting: LHB Chris Gibson 0-0: Ball
1-0: DOUBLE (Groundball, 3D)
Batting: RHB Chris Marshall 0-0: Ball
1-0: Foul Ball, location: 2F
1-1: Ball
2-1: Ball
3-1: Base on Balls
Batting: RHB Ryan Fullerton 0-0: Swinging Strike
0-1: Swinging Strike
0-2: Strikes out swinging
Top of the 2nd over - 0 run(s), 1 hit(s), 0 error(s), 2 left on base; Michigan State 0 - Boston College 0
BOTTOM OF THE 2ND
Boston College Eagles batting - Pitching for Michigan State Spartans : RHP Eric Wallace
Batting: RHB Armando Blanco 0-0: Ball
1-0: Ball
2-0: Ball
3-0: Base on Balls
Batting: RHB Justin Waterston 0-0: Ball
1-0: Foul Ball, location: 2F
1-1: Called Strike
1-2: Ball
2-2: Ball
3-2: Base on Balls
Armando Blanco to second
Batting: SHB Walt Gómez 0-0: Called Strike
0-1: Ball
1-1: Ball
2-1: Foul Ball, location: 2F
2-2: Strikes out swinging
Batting: RHB Alan Mercado 0-0: Called Strike
0-1: Ball
1-1: Swinging Strike
1-2: Ball
2-2: SINGLE (Flyball, 9LS)
Armando Blanco to third
Justin Waterston to second
Runner from 3rd tries for Home, throw and OUT!
Batting: SHB Ralph Alfonzo 0-0: Foul Ball, location: 2F
0-1: Ball
1-1: Ball
2-1: Swinging Strike
2-2: Fly out, F8 (Line Drive, 8LM)
Bottom of the 2nd over - 0 run(s), 1 hit(s), 0 error(s), 2 left on base; Michigan State 0 - Boston College 0
TOP OF THE 3RD
Michigan State Spartans batting - Pitching for Boston College Eagles : RHP Hoyt Baldwin
Batting: RHB Bob Watson 0-0: Called Strike
0-1: Called Strike
0-2: Strikes out swinging, 2-3 out at first.
Batting: SHB Joe Emery 0-0: Called Strike
0-1: Called Strike
0-2: Ground out 6-3 (Groundball, 6)
Batting: LHB Norberto Garza 0-0: Foul Ball, location: 2F
0-1: SOLO HOME RUN (Flyball, 89XD), Distance : 379 ft
Batting: LHB Cliff Mills 0-0: Ball
1-0: Ball
2-0: Called Strike
2-1: Fly out, F2 (Popup, 25)
Top of the 3rd over - 1 run(s), 1 hit(s), 0 error(s), 0 left on base; Michigan State 1 - Boston College 0
BOTTOM OF THE 3RD
Boston College Eagles batting - Pitching for Michigan State Spartans : RHP Eric Wallace
Batting: RHB Stanley Wallace 0-0: Ball
1-0: Ball
2-0: Called Strike
2-1: SOLO HOME RUN (Line Drive, 7LD), Distance : 337 ft
Batting: LHB Rafael Yan 0-0: Called Strike
0-1: Ball
1-1: Foul Ball, location: 2F
1-2: Strikes out swinging, 2-3 out at first.
Batting: SHB Marvin MacGeoch 0-0: Called Strike
0-1: Ball
1-1: Ball
2-1: Ball
3-1: Swinging Strike
3-2: Base on Balls
Batting: RHB Ed Gómez 0-0: Ball
1-0: Called Strike
1-1: Swinging Strike
1-2: Ball
2-2: Grounds into double play, 5-4-3 (Groundball, 56)
Bottom of the 3rd over - 1 run(s), 1 hit(s), 0 error(s), 0 left on base; Michigan State 1 - Boston College 1
TOP OF THE 4TH
Michigan State Spartans batting - Pitching for Boston College Eagles : RHP Hoyt Baldwin
Batting: LHB Aaron Aguirre 0-0: Ball
1-0: Called Strike
1-1: Ball
2-1: Fly out, F9 (Flyball, 89M)
Batting: LHB Gabriel Estrada 0-0: Called Strike
0-1: Ball
1-1: Ball
2-1: Fly out, F4 (Line Drive, 4)
Batting: LHB Chris Gibson 0-0: Called Strike
0-1: Foul Ball, location: 2F
0-2: Ball
1-2: Ball
2-2: Ball
3-2: Foul Ball, location: 2F
3-2: Foul Ball, location: 2F
3-2: Foul Ball, location: 2F
3-2: Base on Balls
Batting: RHB Chris Marshall 0-0: Called Strike
0-1: Ball
1-1: Ball
2-1: Ball
3-1: SINGLE (Groundball, 6MD)
Chris Gibson to second
Batting: RHB Ryan Fullerton 0-0: Called Strike
0-1: Called Strike
0-2: Foul Ball, location: 2F
0-2: Ball
1-2: Foul Ball, location: 2F
1-2: Strikes out swinging
Top of the 4th over - 0 run(s), 1 hit(s), 0 error(s), 2 left on base; Michigan State 1 - Boston College 1
BOTTOM OF THE 4TH
Boston College Eagles batting - Pitching for Michigan State Spartans : RHP Eric Wallace
Batting: RHB Armando Blanco 0-0: Ball
1-0: Ball
2-0: Ball
3-0: Base on Balls
Batting: RHB Justin Waterston 0-0: Fly out, F4 (Line Drive, 4D)
Batting: SHB Walt Gómez 0-0: Ball
1-0: Fly out, F8 (Flyball, 8LM)
Batting: RHB Alan Mercado 0-0: Ball
1-0: Swinging Strike
1-1: Swinging Strike
1-2: Strikes out swinging
Bottom of the 4th over - 0 run(s), 0 hit(s), 0 error(s), 1 left on base; Michigan State 1 - Boston College 1
TOP OF THE 5TH
Michigan State Spartans batting - Pitching for Boston College Eagles : RHP Hoyt Baldwin
Batting: RHB Bob Watson 0-0: Ball
1-0: Ball
2-0: SOLO HOME RUN (Flyball, 7D), Distance : 368 ft
Pitching: RHP Robinson Dávila
Batting: SHB Joe Emery 0-0: Swinging Strike
0-1: Ball
1-1: Ball
2-1: Swinging Strike
2-2: Ball
3-2: Strikes out swinging
Batting: LHB Norberto Garza 0-0: Ball
1-0: Ball
2-0: Ball
3-0: Called Strike
3-1: Fly out, F4 (Line Drive, 4)
Batting: LHB Cliff Mills 0-0: Ball
1-0: Ball
2-0: Ball
3-0: Base on Balls
Batting: LHB Aaron Aguirre 0-0: Swinging Strike
0-1: Foul Ball, location: 2F
0-2: Ball
1-2: Ball
2-2: Foul Ball, location: 2F
2-2: DOUBLE (Flyball, 8RD)
Cliff Mills to third
Runner from 3rd tries for Home, SAFE, no throw
Batting: LHB Gabriel Estrada 0-0: Ground out U3 (Groundball, 34)
Top of the 5th over - 2 run(s), 2 hit(s), 0 error(s), 1 left on base; Michigan State 3 - Boston College 1
BOTTOM OF THE 5TH
Boston College Eagles batting - Pitching for Michigan State Spartans : RHP Eric Wallace
Batting: SHB Ralph Alfonzo 0-0: Foul Ball, location: 2F
0-1: Ball
1-1: Foul Ball, location: 2F
1-2: Ball
2-2: Foul Ball, location: 2F
2-2: Ball
3-2: Foul Ball, location: 2F
3-2: Ground out 6-3 (Groundball, 6)
Pitching: RHP Nathaniel Reynolds
Batting: RHB Stanley Wallace 0-0: Called Strike
0-1: Ball
1-1: Foul Ball, location: 2F
1-2: Ball
2-2: Ball
3-2: Base on Balls
Batting: LHB Rafael Yan 0-0: Called Strike
0-1: Foul Ball, location: 2F
0-2: Ball
1-2: Ball
2-2: Strikes out swinging
Batting: SHB Marvin MacGeoch 0-0: DOUBLE (Line Drive, 89D)
Stanley Wallace to third
Batting: RHB Ed Gómez 0-0: Ball
1-0: Ground out 5-3 (Groundball, 56)
Bottom of the 5th over - 0 run(s), 1 hit(s), 0 error(s), 2 left on base; Michigan State 3 - Boston College 1
TOP OF THE 6TH
Michigan State Spartans batting - Pitching for Boston College Eagles : RHP Robinson Dávila
Batting: LHB Chris Gibson 0-0: Ball
1-0: Fly out, F9 (Flyball, 9LM)
Batting: RHB Chris Marshall 0-0: Ball
1-0: Foul Ball, location: 2F
1-1: Called Strike
1-2: Ball
2-2: Ball
3-2: Ground out 5-3 (Groundball, 56)
Batting: RHB Ryan Fullerton 0-0: Ball
1-0: Swinging Strike
1-1: Ball
2-1: Ball
3-1: Foul Ball, location: 2F
3-2: Strikes out swinging
Top of the 6th over - 0 run(s), 0 hit(s), 0 error(s), 0 left on base; Michigan State 3 - Boston College 1
BOTTOM OF THE 6TH
Boston College Eagles batting - Pitching for Michigan State Spartans : RHP Nathaniel Reynolds
Batting: RHB Armando Blanco 0-0: Ball
1-0: Called Strike
1-1: Ball
2-1: Ball
3-1: Ground out 4-3 (Groundball, 4S)
Batting: RHB Justin Waterston 0-0: Swinging Strike
0-1: Ground out 6-3 (Groundball, 6)
Batting: SHB Walt Gómez 0-0: Swinging Strike
0-1: Swinging Strike
0-2: Ball
1-2: Strikes out swinging
Bottom of the 6th over - 0 run(s), 0 hit(s), 0 error(s), 0 left on base; Michigan State 3 - Boston College 1
TOP OF THE 7TH
Michigan State Spartans batting - Pitching for Boston College Eagles : RHP Robinson Dávila
Batting: RHB Bob Watson 0-0: Ball
1-0: Ball
2-0: Called Strike
2-1: Ball
3-1: Base on Balls
Batting: SHB Joe Emery 0-0: Foul Ball, location: 2F
0-1: Bunted foul
0-2: Strikes out swinging
Batting: LHB Norberto Garza 0-0: Fly out, F4 (Line Drive, 4)
Batting: LHB Cliff Mills 0-0: Foul Ball, location: 2F
0-1: Foul Ball, location: 2F
0-2: SINGLE (Flyball, 6MD)
Bob Watson to second
Runner from 2nd tries for 3rd, SAFE, throw made to third
Batting: LHB Aaron Aguirre 0-0: Ball
1-0: Ball
2-0: Called Strike
2-1: Ball
3-1: Foul Ball, location: 2F
3-2: Foul Ball, location: 2F
3-2: 3-RUN HOME RUN (Flyball, 89XD), Distance : 381 ft
Pitching: RHP Jeff Tucker
Batting: LHB Gabriel Estrada 0-0: Foul Ball, location: 2F
0-1: Ball
1-1: Swinging Strike
1-2: Fly out, F6 (Line Drive, 6)
Top of the 7th over - 3 run(s), 2 hit(s), 0 error(s), 0 left on base; Michigan State 6 - Boston College 1
BOTTOM OF THE 7TH
Boston College Eagles batting - Pitching for Michigan State Spartans : RHP Nathaniel Reynolds
Batting: RHB Alan Mercado 0-0: Ball
1-0: Called Strike
1-1: Called Strike
1-2: Ball
2-2: Ball
3-2: SINGLE (Flyball, 7S)
Batting: SHB Ralph Alfonzo 0-0: Fly out, F9 (Flyball, 9)
Batting: RHB Stanley Wallace 0-0: Foul Ball, location: 2F
0-1: Ball
1-1: Grounds into double play, 4-6-3 (Groundball, 4)
Bottom of the 7th over - 0 run(s), 1 hit(s), 0 error(s), 0 left on base; Michigan State 6 - Boston College 1
TOP OF THE 8TH
Michigan State Spartans batting - Pitching for Boston College Eagles : RHP Jeff Tucker
Batting: LHB Chris Gibson 0-0: Ground out 4-3 (Groundball, 34)
Batting: RHB Chris Marshall 0-0: Called Strike
0-1: Ball
1-1: Ball
2-1: Swinging Strike
2-2: Foul Ball, location: 2F
2-2: Strikes out swinging
Batting: RHB Ryan Fullerton 0-0: Ball
1-0: SINGLE (Line Drive, 6D)
Batting: RHB Bob Watson 0-0: Ball
1-0: Called Strike
1-1: Foul Ball, location: 2F
1-2: Ground out 5-3 (Groundball, 56S)
Top of the 8th over - 0 run(s), 1 hit(s), 0 error(s), 1 left on base; Michigan State 6 - Boston College 1
BOTTOM OF THE 8TH
Boston College Eagles batting - Pitching for Michigan State Spartans : RHP Nathaniel Reynolds
Batting: LHB Rafael Yan 0-0: Foul Ball, location: 2F
0-1: Foul Ball, location: 2F
0-2: Ground out 4-3 (Groundball, 4)
Batting: SHB Marvin MacGeoch 0-0: Ball
1-0: Called Strike
1-1: Ground out 4-3 (Groundball, 4)
Batting: RHB Ed Gómez 0-0: Ball
1-0: Ball
2-0: Foul Ball, location: 2F
2-1: Swinging Strike
2-2: SINGLE (Groundball, 56D)
Batting: RHB Armando Blanco 0-0: Fielders Choice at 2nd, 6-4 (Groundball, 6)
Bottom of the 8th over - 0 run(s), 1 hit(s), 0 error(s), 0 left on base; Michigan State 6 - Boston College 1
TOP OF THE 9TH
Michigan State Spartans batting - Pitching for Boston College Eagles : RHP Jeff Tucker
Batting: SHB Joe Emery 0-0: Ball
1-0: Swinging Strike
1-1: Ball
2-1: Foul Ball, location: 2F
2-2: Foul Ball, location: 2F
2-2: Ball
3-2: Strikes out swinging
Batting: LHB Norberto Garza 0-0: Ball
1-0: Ball
2-0: Ball
3-0: Base on Balls
Batting: LHB Cliff Mills 0-0: Called Strike
0-1: SINGLE (Groundball, 34D)
Norberto Garza to second
Runner from 2nd tries for 3rd, SAFE, throw made to third
Batting: LHB Aaron Aguirre 0-0: Ball
1-0: Foul Ball, location: 2F
1-1: 3-RUN HOME RUN (Flyball, 9D), Distance : 355 ft
Batting: LHB Gabriel Estrada 0-0: Ball
1-0: SOLO HOME RUN (Flyball, 89XD), Distance : 387 ft
Pitching: RHP Donnie Carpenter
Batting: LHB Chris Gibson 0-0: Swinging Strike
0-1: Swinging Strike
0-2: Strikes out swinging
Batting: RHB Chris Marshall 0-0: Called Strike
0-1: Fly out, F7 (Line Drive, 7LM)
Top of the 9th over - 4 run(s), 3 hit(s), 0 error(s), 0 left on base; Michigan State 10 - Boston College 1
BOTTOM OF THE 9TH
Boston College Eagles batting - Pitching for Michigan State Spartans : RHP Nathaniel Reynolds
Now at 1B: Carlos Anaya
Batting: RHB Justin Waterston 0-0: Ball
1-0: Foul Ball, location: 2F
1-1: Called Strike
1-2: Foul Ball, location: 2F
1-2: Foul Ball, location: 2F
1-2: Ball
2-2: Strikes out swinging
Pitching: RHP David Deive
Batting: SHB Walt Gómez 0-0: Fly out, F7 (Flyball, 78S)
Batting: RHB Alan Mercado 0-0: Ball
1-0: Foul Ball, location: 2F
1-1: Foul Ball, location: 2F
1-2: Strikes out swinging
Bottom of the 9th over - 0 run(s), 0 hit(s), 0 error(s), 0 left on base; Michigan State 10 - Boston College 1
Tuesday, August 8th, 2017 - OOTP Baseball 17.12 Build 75